XFBL
MONTREAL EXPOS @ ATLANTA BRAVES
06/05/1982
 
TOP OF THE 1ST
Montreal Expos batting - Pitching for Atlanta Braves : RHP Dick Drago
Pitching: RHP Dick Drago
Batting: LHB Duane Walker 0-0: Called Strike
0-1: Foul Ball, location: 2F
0-2: Ball
1-2: Ball
2-2: Ball
3-2: Strikes out swinging
Batting: SHB Garry Templeton 0-0: Ground out 4-3 (Groundball, 4, EV 105.6 MPH)
Batting: LHB Kirk Gibson 0-0: Ball
1-0: Swinging Strike
1-1: Fly out, F8 (Flyball, 8LM, EV 83.8 MPH)
Top of the 1st over - 0 runs, 0 hits, 0 errors, 0 left on base; Montreal 0 - Atlanta 0
BOTTOM OF THE 1ST
Atlanta Braves batting - Pitching for Montreal Expos : LHP Michael Steen
Pitching: LHP Michael Steen
Batting: RHB Gil Flores 0-0: Ball
1-0: Ground out 6-3 (Groundball, 6, EV 85.0 MPH)
Batting: LHB Leon Durham 0-0: Called Strike
0-1: Ball
1-1: Called Strike
1-2: Strikes out looking
Batting: SHB Tony Fernandez 0-0: Ball
1-0: Foul Ball, location: 2F
1-1: Ball
2-1: Ball
3-1: Ground out 6-3 (Groundball, 6D, EV 101.3 MPH)
Bottom of the 1st over - 0 runs, 0 hits, 0 errors, 0 left on base; Montreal 0 - Atlanta 0
TOP OF THE 2ND
Montreal Expos batting - Pitching for Atlanta Braves : RHP Dick Drago
Batting: RHB Dale Murphy 0-0: Ball
1-0: Called Strike
1-1: Foul Ball, location: 2F
1-2: Ground out 5-3 (Groundball, 56S, EV 88.1 MPH)
Batting: RHB Dave Winfield 0-0: Called Strike
0-1: Called Strike
0-2: Foul Ball, location: 2F
0-2: Ball
1-2: Ball
2-2: Fly out, F9 (Flyball, 89D, EV 101.3 MPH)
Batting: LHB Timnothy Meyer 0-0: Called Strike
0-1: Called Strike
0-2: Ball
1-2: Foul Ball, location: 2F
1-2: Fly out, F9 (Flyball, 9LM, EV 79.4 MPH)
Top of the 2nd over - 0 runs, 0 hits, 0 errors, 0 left on base; Montreal 0 - Atlanta 0
BOTTOM OF THE 2ND
Atlanta Braves batting - Pitching for Montreal Expos : LHP Michael Steen
Batting: LHB Karl Pagel 0-0: Ball
1-0: Ball
2-0: Ball
3-0: Called Strike
3-1: Foul Ball, location: 2F
3-2: Strikes out swinging
Batting: LHB Mike Scioscia 0-0: Ball
1-0: Fly out, F8 (Flyball, 8RXD, EV 108.8 MPH)
Batting: LHB Joe L Morgan 0-0: Ball
1-0: Ball
2-0: Called Strike
2-1: Called Strike
2-2: Foul Ball, location: 2F
2-2: Ball
3-2: SINGLE (Flyball, 3D, EV 86.9 MPH)
Batting: LHB Mike Hargrove 0-0: Ball
1-0: Called Strike
1-1: Foul Ball, location: 2F
1-2: Fly out, F7 (Flyball, 7S, EV 82.5 MPH)
Bottom of the 2nd over - 0 runs, 1 hit, 0 errors, 1 left on base; Montreal 0 - Atlanta 0
TOP OF THE 3RD
Montreal Expos batting - Pitching for Atlanta Braves : RHP Dick Drago
Batting: LHB Ernesto Quevedo 0-0: Swinging Strike
0-1: Ground out U3 (Groundball, 34, EV 106.9 MPH)
Batting: SHB Biff Pocoroba 0-0: Called Strike
0-1: Ball
1-1: Ball
2-1: Ball
3-1: Ground out 4-3 (Groundball, 4, EV 82.5 MPH)
Batting: RHB Michael Steen 0-0: Foul Ball, location: 2F
0-1: Ball
1-1: Called Strike
1-2: Ball
2-2: Ball
3-2: DOUBLE (Flyball, 8RD, EV 90.0 MPH)
Batting: LHB Duane Walker 0-0: Foul Ball, location: 2F
0-1: Foul Ball, location: 2F
0-2: Ball
1-2: SINGLE (Groundball, 34D, EV 101.9 MPH)
Michael Steen to third
Runner from 3rd tries for Home, SAFE, throw by RF to home
Batting: SHB Garry Templeton 0-0: Ball
Duane Walker is caught stealing 2nd base 2-6
Top of the 3rd over - 1 run, 2 hits, 0 errors, 0 left on base; Montreal 1 - Atlanta 0
BOTTOM OF THE 3RD
Atlanta Braves batting - Pitching for Montreal Expos : LHP Michael Steen
Batting: RHB Tom Veryzer 0-0: Called Strike
0-1: Foul Ball, location: 2F
0-2: Ground out 4-3 (Groundball, 4, EV 86.3 MPH)
Batting: RHB Dick Drago 0-0: Ball
1-0: Swinging Strike
1-1: Called Strike
1-2: Strikes out swinging
Batting: RHB Gil Flores 0-0: Ball
1-0: Ground out 4-3 (Groundball, 4, EV 81.3 MPH)
Bottom of the 3rd over - 0 runs, 0 hits, 0 errors, 0 left on base; Montreal 1 - Atlanta 0
TOP OF THE 4TH
Montreal Expos batting - Pitching for Atlanta Braves : RHP Dick Drago
Batting: SHB Garry Templeton 0-0: Ground out 4-3 (Groundball, 4, EV 76.3 MPH)
Batting: LHB Kirk Gibson 0-0: SINGLE (Groundball, P, EV 81.9 MPH) (infield hit)
Batting: RHB Dale Murphy 0-0: Ball
Kirk Gibson steals 2nd base
1-0: Swinging Strike
1-1: Ball
2-1: Called Strike
2-2: Foul Ball, location: 2F
2-2: Ball
3-2: Base on Balls
Batting: RHB Dave Winfield 0-0: Ball
1-0: Ball
2-0: Ball
3-0: Base on Balls
Kirk Gibson to third
Dale Murphy to second
Batting: LHB Timnothy Meyer 0-0: Ball
1-0: SINGLE (Groundball, 4D, EV 98.1 MPH)
Kirk Gibson scores
Dale Murphy to third
Dave Winfield to second
Runner from 3rd tries for Home, SAFE, throw by CF to home
Batting: LHB Ernesto Quevedo 0-0: Foul Ball, location: 2F
0-1: Swinging Strike
0-2: Strikes out swinging
Batting: SHB Biff Pocoroba 0-0: Ball
1-0: Ball
2-0: Ball
3-0: Called Strike
3-1: Base on Balls
Dave Winfield to third
Timnothy Meyer to second
Batting: RHB Michael Steen 0-0: Swinging Strike
0-1: Ball
1-1: Fly out, F9 (Flyball, 89M, EV 91.3 MPH)
Top of the 4th over - 2 runs, 2 hits, 0 errors, 3 left on base; Montreal 3 - Atlanta 0
BOTTOM OF THE 4TH
Atlanta Braves batting - Pitching for Montreal Expos : LHP Michael Steen
Batting: LHB Leon Durham 0-0: Called Strike
0-1: Ball
1-1: Ball
2-1: Foul Ball, location: 2F
2-2: Foul Ball, location: 2F
2-2: Fly out, F6 (Flyball, 56D, EV 87.5 MPH)
Batting: SHB Tony Fernandez 0-0: Ball
1-0: Ball
2-0: Ball
3-0: SINGLE (Line Drive, 4D, EV 94.4 MPH)
Batting: LHB Karl Pagel 0-0: Ball
1-0: Ball
2-0: Called Strike
2-1: Ball
3-1: 2-RUN HOME RUN (Flyball, 9LD, EV 100.6 MPH), Distance : 358 ft
Batting: LHB Mike Scioscia 0-0: Called Strike
0-1: Foul Ball, location: 2F
0-2: SOLO HOME RUN (Line Drive, 9D, EV 106.3 MPH), Distance : 375 ft
Batting: LHB Joe L Morgan 0-0: Called Strike
0-1: Ground out 5-3 (Groundball, 56, EV 86.9 MPH)
Batting: LHB Mike Hargrove 0-0: Foul Ball, location: 2F
0-1: Fly out, F8 (Flyball, 89M, EV 95.0 MPH)
Bottom of the 4th over - 3 runs, 3 hits, 0 errors, 0 left on base; Montreal 3 - Atlanta 3
TOP OF THE 5TH
Montreal Expos batting - Pitching for Atlanta Braves : RHP Dick Drago
Batting: LHB Duane Walker 0-0: Ball
1-0: Called Strike
1-1: Ball
2-1: Called Strike
2-2: Ball
3-2: SINGLE (Groundball, 4D, EV 95.6 MPH)
Batting: SHB Garry Templeton 0-0: Fielders Choice at 2nd, 6-4 (Groundball, 6, EV 110.6 MPH)
Batting: LHB Kirk Gibson 0-0: Ball
1-0: Ball
Garry Templeton is caught stealing 2nd base 2-6
2-0: Ball
3-0: Base on Balls
Batting: RHB Dale Murphy 0-0: Ball
1-0: Ball
2-0: Ball
3-0: Called Strike
3-1: DOUBLE (Line Drive, 9LS, EV 96.9 MPH)
Kirk Gibson to third
Runner from 3rd tries for Home, SAFE, throw by RF to home
Batting: RHB Dave Winfield 0-0: Intentional Walk
Batting: LHB Timnothy Meyer 0-0: Ball
1-0: Swinging Strike
1-1: Ball
2-1: Ball
3-1: Ground out U3 (Groundball, 34S, EV 61.3 MPH)
Top of the 5th over - 1 run, 2 hits, 0 errors, 2 left on base; Montreal 4 - Atlanta 3
BOTTOM OF THE 5TH
Atlanta Braves batting - Pitching for Montreal Expos : LHP Michael Steen
Batting: RHB Tom Veryzer 0-0: Reached on error, E4 (Groundball, 4, EV 78.8 MPH)
Batting: RHB Dick Drago 0-0: Ball
1-0: Bunted foul
1-1: Called Strike
1-2: Sac Bunt to 23 - play at first, batter OUT! 3-4
Tom Veryzer to second
Batting: RHB Gil Flores 0-0: Ball
1-0: Ball
2-0: Ball
3-0: Base on Balls
Batting: LHB Leon Durham 0-0: Ball
1-0: Called Strike
1-1: Swinging Strike
1-2: Ball
2-2: Fly out, F8 (Flyball, 8RD, EV 101.9 MPH)
Runner from 2nd tags up, SAFE at 3rd with throw by CF
Batting: SHB Tony Fernandez 0-0: Ball
1-0: Foul Ball, location: 2F
1-1: Foul Ball, location: 2F
1-2: Ball
2-2: Fielders Choice at 2nd, 5-4 (Groundball, 56, EV 90.6 MPH)
Bottom of the 5th over - 0 runs, 0 hits, 1 error, 2 left on base; Montreal 4 - Atlanta 3
TOP OF THE 6TH
Montreal Expos batting - Pitching for Atlanta Braves : RHP Dick Drago
Batting: LHB Ernesto Quevedo 0-0: Ball
1-0: Ball
2-0: Foul Ball, location: 2F
2-1: Called Strike
2-2: Ground out U3 (Groundball, 3, EV 95.0 MPH)
Batting: SHB Biff Pocoroba 0-0: Ball
1-0: Foul Ball, location: 2F
1-1: Ball
2-1: Fly out, F7 (Flyball, 78S, EV 78.1 MPH)
Batting: RHB Michael Steen 0-0: Ground out 6-3 (Groundball, 6MD, EV 105.6 MPH)
Top of the 6th over - 0 runs, 0 hits, 0 errors, 0 left on base; Montreal 4 - Atlanta 3
BOTTOM OF THE 6TH
Atlanta Braves batting - Pitching for Montreal Expos : LHP Michael Steen
Batting: LHB Karl Pagel 0-0: Ball
1-0: Foul Ball, location: 2F
1-1: Swinging Strike
1-2: Ball
2-2: Strikes out swinging
Batting: LHB Mike Scioscia 0-0: Foul Ball, location: 2F
0-1: Ball
1-1: Called Strike
1-2: Ball
2-2: Ball
3-2: Foul Ball, location: 2F
3-2: Fly out, F6 (Flyball, 6D, EV 78.1 MPH)
Batting: LHB Joe L Morgan 0-0: Ball
1-0: Ball
2-0: Foul Ball, location: 2F
2-1: Ball
3-1: Reached on error, E4 (Groundball, 4, EV 86.9 MPH)
Batting: LHB Mike Hargrove 0-0: Called Strike
0-1: Ball
Passed Ball!
Joe L Morgan to second
1-1: Ground out U3 (Groundball, 3, EV 95.0 MPH)
Bottom of the 6th over - 0 runs, 0 hits, 1 error, 1 left on base; Montreal 4 - Atlanta 3
TOP OF THE 7TH
Montreal Expos batting - Pitching for Atlanta Braves : RHP Dick Drago
Batting: LHB Duane Walker 0-0: Fly out, F9 (Line Drive, 9, EV 91.9 MPH)
Batting: SHB Garry Templeton 0-0: Ball
1-0: Ground out 1-3 (Groundball, 34S, EV 63.1 MPH)
Batting: LHB Kirk Gibson 0-0: Ball
1-0: Fly out, F8 (Line Drive, 8RD, EV 90.0 MPH)
Top of the 7th over - 0 runs, 0 hits, 0 errors, 0 left on base; Montreal 4 - Atlanta 3
BOTTOM OF THE 7TH
Atlanta Braves batting - Pitching for Montreal Expos : LHP Michael Steen
Batting: RHB Tom Veryzer 0-0: Called Strike
0-1: Foul Ball, location: 2F
0-2: Ball
1-2: Foul Ball, location: 2F
1-2: Ball
2-2: Ball
3-2: Strikes out swinging
Pinch Hitting: SHB UL Washington 0-0: Called Strike
0-1: Reached via error on a dropped throw from SS, E3 (Groundball, 6, EV 86.3 MPH)
Batting: RHB Gil Flores 0-0: Ball
UL Washington steals 2nd base
1-0: Foul Ball, location: 2F
1-1: Swinging Strike
1-2: Ball
2-2: Ball
3-2: Base on Balls
Batting: LHB Leon Durham 0-0: Ball
1-0: Swinging Strike
1-1: Ball
2-1: Foul Ball, location: 2F
2-2: Foul Ball, location: 2F
2-2: Ball
3-2: Foul Ball, location: 2F
3-2: Base on Balls
UL Washington to third
Gil Flores to second
Pitching: RHP Anthony Dumaw
Batting: SHB Tony Fernandez 0-0: Ball
1-0: Ball
2-0: Ball
3-0: Base on Balls
UL Washington scores
Gil Flores to third
Leon Durham to second
Batting: LHB Karl Pagel 0-0: Ball
1-0: Fly out, F8 (Flyball, 8LXD, EV 96.3 MPH)
Runner from 3rd tags up, SCORES, no throw by CF
Batting: LHB Mike Scioscia 0-0: Called Strike
0-1: Ball
1-1: Called Strike
1-2: SINGLE (Groundball, 3S, EV 74.4 MPH) (infield hit)
Leon Durham to third
Tony Fernandez to second
Batting: LHB Joe L Morgan 0-0: Ball
1-0: Ball
2-0: Ball
3-0: Base on Balls
Leon Durham scores
Tony Fernandez to third
Mike Scioscia to second
Batting: LHB Mike Hargrove 0-0: Ball
1-0: Ground out 6-3 (Groundball, 6D, EV 103.8 MPH)
Bottom of the 7th over - 3 runs, 1 hit, 1 error, 3 left on base; Montreal 4 - Atlanta 6
TOP OF THE 8TH
Montreal Expos batting - Pitching for Atlanta Braves : RHP Dick Drago
Pitching: LHP Wilbur Wood
Now at 1B: Guy Sularz
Batting: RHB Dale Murphy 0-0: Ball
1-0: Ball
2-0: Ball
3-0: Base on Balls
Batting: RHB Dave Winfield 0-0: Called Strike
0-1: Ground out 5-3 (Groundball, 5S, EV 75.0 MPH)
Dale Murphy to second
Batting: LHB Timnothy Meyer 0-0: 2-RUN HOME RUN (Flyball, 89XD, EV 95.0 MPH), Distance : 415 ft
Batting: LHB Ernesto Quevedo 0-0: Ball
1-0: Ball
2-0: Ball
3-0: Base on Balls
Batting: SHB Biff Pocoroba 0-0: Fielders Choice at 2nd, 3-6 (Groundball, 3, EV 96.3 MPH)
Pinch Hitting: RHB Luis Sanchez 0-0: Ground out 4-3 (Groundball, 4, EV 105.0 MPH)
Top of the 8th over - 2 runs, 1 hit, 0 errors, 1 left on base; Montreal 6 - Atlanta 6
BOTTOM OF THE 8TH
Atlanta Braves batting - Pitching for Montreal Expos : RHP Anthony Dumaw
Pitching: LHP Bob Ojeda
Batting: RHB Tom Veryzer 0-0: Ground out 6-3 (Groundball, 6S, EV 63.8 MPH)
Batting: RHB Guy Sularz 0-0: Ground out 6-3 (Groundball, 6, EV 81.3 MPH)
Batting: RHB Gil Flores 0-0: Ball
1-0: Swinging Strike
1-1: Ball
2-1: Swinging Strike
2-2: Strikes out looking
Bottom of the 8th over - 0 runs, 0 hits, 0 errors, 0 left on base; Montreal 6 - Atlanta 6
TOP OF THE 9TH
Montreal Expos batting - Pitching for Atlanta Braves : LHP Wilbur Wood
Batting: LHB Duane Walker 0-0: SINGLE (Groundball, 34S, EV 73.1 MPH) (infield hit)
Batting: SHB Garry Templeton 0-0: Ball
1-0: Foul Ball, location: 2F
1-1: SINGLE (Line Drive, 56, EV 96.3 MPH)
Duane Walker to second
Runner from 2nd tries for 3rd, SAFE, throw by LF made to third
Batting: LHB Kirk Gibson 0-0: Called Strike
0-1: Ball
1-1: Fielders Choice at 2nd, 1-6 (Groundball, 13, EV 73.1 MPH)
Batting: RHB Dale Murphy 0-0: Ball
1-0: Called Strike
1-1: Ball
2-1: Ball
3-1: SINGLE (Groundball, 56D, EV 104.4 MPH)
Duane Walker scores
Kirk Gibson to second
Runner from 2nd tries for 3rd, SAFE, no throw by LF
Batting: RHB Dave Winfield 0-0: Swinging Strike
0-1: Ball
1-1: Ball
2-1: Ball
3-1: 3-RUN HOME RUN (Flyball, 7D, EV 97.5 MPH), Distance : 386 ft
Pitching: RHP Rick Sutcliffe
Batting: LHB Timnothy Meyer 0-0: Ball
1-0: SOLO HOME RUN (Flyball, 7LD, EV 103.1 MPH), Distance : 349 ft
Batting: LHB Ernesto Quevedo 0-0: Called Strike
0-1: Ball
1-1: Ball
2-1: Ball
3-1: Called Strike
3-2: Foul Ball, location: 2F
3-2: Foul Ball, location: 2F
3-2: SINGLE (Groundball, 6D, EV 103.8 MPH)
Batting: SHB Biff Pocoroba 0-0: Ball
1-0: Fly out, F7 (Flyball, 7LM, EV 84.4 MPH)
Pinch Hitting: LHB Guonçalo Fernandes 0-0: Called Strike
0-1: Foul Ball, location: 2F
0-2: SINGLE (Groundball, 3S, EV 75.0 MPH) (infield hit)
Ernesto Quevedo to second
Batting: LHB Duane Walker 0-0: Foul Ball, location: 2F
0-1: Ball
1-1: Ball
2-1: Ball
3-1: Base on Balls
Ernesto Quevedo to third
Guonçalo Fernandes to second
Batting: SHB Garry Templeton 0-0: Ball
1-0: Called Strike
1-1: Swinging Strike
1-2: Strikes out swinging
Top of the 9th over - 5 runs, 7 hits, 0 errors, 3 left on base; Montreal 11 - Atlanta 6
BOTTOM OF THE 9TH
Atlanta Braves batting - Pitching for Montreal Expos : LHP Bob Ojeda
Pitching: RHP Rollie Fingers
Batting: LHB Leon Durham 0-0: Ball
1-0: Fly out, F6 (Flyball, 56D, EV 85.6 MPH)
Batting: SHB Tony Fernandez 0-0: Ball
1-0: Ground out 4-3 (Groundball, 4MS, EV 74.4 MPH)
Batting: LHB Karl Pagel 0-0: Swinging Strike
0-1: Called Strike
0-2: Ball
1-2: Strikes out swinging
Bottom of the 9th over - 0 runs, 0 hits, 0 errors, 0 left on base; Montreal 11 - Atlanta 6
Wednesday, August 5th, 2020 - OOTP Baseball 21.5 Build 76